 Dungeon Crawl Stone Soup version 0.17-a0-1-g1f4be75 (webtiles) character file.

77 vatarom the Insei (level 4, -1/42 HPs)
             Began as a Naga Transmuter on Mar 11, 2015.
             Slain by Ijyb (2 damage)
             ... on level 2 of the Dungeon.
             The game lasted 00:04:48 (1706 turns).

vatarom the Insei (Naga Transmuter)                 Turns: 1706, Time: 00:04:48

Health: -1/42      AC:  2    Str: 12    XL:     4   Next: 33%
Magic:  0/7        EV: 10    Int: 14    God:
Gold:   73         SH:  0    Dex: 12    Spells: 3 memorised, 1 level left

rFire  . . .     SeeInvis +       - Unarmed
rCold  . . .     Clarity  .     c - +0 robe
rNeg   . . .     SustAb   .     (no shield)
rPois  +         Gourm    .     (helmet restricted)
rElec  .         Spirit   .     (no cloak)
rCorr  .         Warding  .     (no gloves)
rMut   .         Stasis   .     (no barding)
MR     .....                    (no amulet)
Stlth  +.........               (no ring)
                                (no ring)

@: short of breath, appendage, very slow, not resistant to hostile enchantments,
very unstealthy
A: spit poison, horns 2, see invisible, deformed body, poison resistance,
slowness 2, AC +1
a: Spit Poison, End Transformation


You were on level 2 of the Dungeon.
You were hungry.
You had grown temporary horns.
You visited 1 branch of the dungeon, and saw 2 of its levels.

You collected 73 gold pieces.

Inventory:

Missiles
 b - 24 arrows
Armour
 c - a +0 robe (worn)
Scrolls
 e - 4 scrolls of remove curse
Books
 d - a book of Changes

   Spells                             Type                      Level
   a - Beastly Appendage              Transmutation                1
   b - Sticks to Snakes               Transmutation                2
   c - Spider Form                    Transmutation/Poison         3
   d - Ice Form                       Ice/Transmutation            4
   e - Blade Hands                    Transmutation                5
Comestibles
 g - 4 fruits


   Skills:
 - Level 3.0 Fighting
 + Level 2.0 Dodging
 - Level 3.0 Unarmed Combat
 - Level 2.0 Spellcasting
 + Level 2.8 Transmutations


You had one spell level left.
You knew the following spells:

 Your Spells              Type           Power        Failure   Level  Hunger
a - Beastly Appendage     Trmt           #.....       10%         1    ##.....
b - Sticks to Snakes      Trmt           #.........   14%         2    ###....
c - Spider Form           Trmt/Pois      #.........   47%         3    ####...


Dungeon Overview and Level Annotations

Branches:
Dungeon (2/15)

Altars:

Annotations:
D:2 Ijyb


Innate Abilities, Weirdness & Mutations

You cannot wear boots.
You can spit poison.
Your serpentine skin is tough (AC +1).
You have supernaturally acute eyesight.
Armour fits poorly on your strangely shaped body.
Your system is resistant to poisons.
You cover ground very slowly.
You have a pair of horns on your head.


Message History

Casting: Sticks to Snakes
Confirm with . or Enter, or press ? or * to list all spells.
You grow a pair of large bovine horns.
Ijyb hits you.
* * * LOW HITPOINT WARNING * * *
You closely miss Ijyb.
Ijyb is severely wounded.
Ijyb completely misses you.
You hit Ijyb but do no damage. Your headbutt misses Ijyb.
Ijyb is severely wounded.
Ijyb barely misses you.
You closely miss Ijyb. Your headbutt misses Ijyb.
Ijyb is severely wounded.
Ijyb closely misses you.
Use which ability? (? or * to list)
Press: ? - help, Shift-Dir - straight line, f/p - Ijyb
Aim: Ijyb, wearing a chain mail and carrying a wand of polymorph {zapped: 11} (severely wounded)
The splash of poison hits Ijyb.
Ijyb is severely wounded.
You feel slightly more hungry. Ijyb hits you.
You die...

###########.)#
#.... ##)#
#######.... #.##
#.....).... #..#
#.#####.... ##.#
#.# ##... #.# #.#
#### #g# #.# #g#
#.# #@# #.# #.#
#b# #.# #K#
#.###############
#..........)....##
#.................
#...............##
##################
#


You could see Ijyb and a goblin.

Vanquished Creatures
  An adder (D:2)
  A giant mite (D:1)
  2 worms (D:2)
  3 giant geckos
  An ooze (D:1)
  2 giant cockroaches
  15 goblins
  3 hobgoblins
  3 kobolds
  A ball python (D:1)
  8 bats
  2 giant newts (D:1)
  5 rats
47 creatures vanquished.

Notes
Turn   | Place    | Note
--------------------------------------------------------------
     0 | D:1      | vatarom, the Naga Transmuter, began the quest for the Orb.
     0 | D:1      | Reached XP level 1. HP: 18/18 MP: 3/3
    96 | D:1      | Reached XP level 2. HP: 13/26 MP: 2/4
   370 | D:1      | Learned a level 2 spell: Sticks to Snakes
   761 | D:1      | Reached XP level 3. HP: 28/33 MP: 4/6
   769 | D:1      | Learned a level 3 spell: Spider Form
  1276 | D:2      | Reached XP level 4. HP: 18/42 MP: 0/7
  1600 | D:2      | Noticed Ijyb
  1702 | D:2      | HP: 1/42 [Ijyb (2)]
  1706 | D:2      | Slain by Ijyb

Action                   |  1- 3 |  4- 6 || total
-------------------------+-------+-------++-------
Melee: Unarmed           |    91 |    76 ||   167
 Cast: Beastly Appendage |     5 |     4 ||     9
       Spider Form       |     3 |       ||     3
       Sticks to Snakes  |       |     1 ||     1
 Abil: Spit Poison       |    17 |     9 ||    26
  Use: Scroll            |     3 |     1 ||     4
       Potion            |     2 |     1 ||     3
 Stab: Sleeping          |     1 |       ||     1
  Eat: Bread ration      |     1 |       ||     1
